 Dungeon Crawl Stone Soup version 0.22-a0-412-g2b68d14 (webtiles) character file.

124 Gaball the Insei (level 5, -1/39 HPs)
             Began as an Octopode Transmuter on May 12, 2018.
             Slain by Grinder (5 damage)
             ... on level 3 of the Dungeon.
             The game lasted 00:07:13 (3641 turns).

Gaball the Insei (Octopode Transmuter)              Turns: 3641, Time: 00:07:14

Health: -1/39      AC:  5    Str:  9    XL:     5   Next: 8%
Magic:  17/18      EV: 10    Int: 16    God:
Gold:   196        SH:  0    Dex: 13    Spells: 5/10 levels left

rFire    x . .     SeeInvis .     - Unarmed
rCold    + + +     Gourm    .   (shield currently unavailable)
rNeg     . . .     Faith    .   (helmet currently unavailable)
rPois    +         Spirit   .   (no amulet)
rElec    .         Reflect  .   b - ring of magical power
rCorr    .         Harm     .   e - ring of flight
MR       .....                  x - ring of wizardry
Stlth    +.........             (no ring)
HPRegen  0.13/turn              (no ring)
MPRegen  0.16/turn              (no ring)
                                (no ring)
                                (no ring)

@: ice-form (expiring)
A: large, almost no armour, stealthy swim, amphibious, 8 rings, (constrict 8)
a: End Transformation, Evoke Flight


You were on level 3 of the Dungeon.
You were not hungry.
You were a creature of crystalline ice.
You visited 1 branch of the dungeon, and saw 3 of its levels.

You collected 196 gold pieces.

Inventory:

Missiles
 a - 12 arrows
Jewellery
 b - a ring of magical power (left front paw)
 e - a ring of flight (right front paw)
 x - a ring of wizardry (on tentacle)
Wands
 s - a wand of paralysis (16)
Scrolls
 f - 4 scrolls of teleportation {unknown}
 g - 2 scrolls of enchant weapon
 h - a scroll of enchant armour {unknown}
 k - a scroll of magic mapping {unknown}
 m - 5 scrolls of identify {unknown}
 r - a scroll of amnesia {unknown}
 t - a scroll of fear {unknown}
 u - a scroll of remove curse {unknown}
 w - a scroll of fog {unknown}
Potions
 d - a potion of mutation {unknown}
 i - a potion of flight {unknown}
 j - a potion of curing {unknown}
 l - 2 potions of brilliance {unknown}
 n - a potion of berserk rage {unknown}
 o - a potion of ambrosia {unknown}
 p - a potion of lignification {unknown}
 q - a potion of heal wounds {unknown}
Comestibles
 c - 5 rations


   Skills:
 - Level 1.0 Fighting
 - Level 2.0 Dodging
 + Level 4.0 Unarmed Combat
 * Level 3.1 Spellcasting
 * Level 3.3 Transmutations


You had 5 spell levels left.
You knew the following spells:

 Your Spells              Type           Power        Failure   Level  Hunger
a - Beastly Appendage     Tmut           ##....       1%          1    None
b - Ice Form              Ice/Tmut       #.......     34%         4    ####...

Your spell library contained the following spells:

 Spells                   Type           Power        Failure   Level  Hunger
 Spider Form              Tmut/Pois      #.........   12%         3    ###....
 Blade Hands              Tmut           ##........   45%         5    ######.
 Sticks to Snakes         Tmut           ##......     2%          2    ##.....


Dungeon Overview and Level Annotations

Branches:
Dungeon (3/15)

Altars:
The Shining One

Annotations:
D:3 Grinder


Innate Abilities, Weirdness & Mutations

You cannot wear most types of armour.
You are very stealthy in the water. (Stealth+)
You are amphibious.
You can wear up to eight rings at the same time.
((You can use your tentacles to constrict eight enemies at once.))
((Your skin changes colour to match your surroundings (Stealth+).))
((Your rubbery body absorbs attacks. (AC +1, EV +1)))


Message History

You resist with significant effort.
You hit Grinder.
Grinder is lightly wounded.
Grinder gestures at you.
You suddenly lose the ability to move!
Grinder gestures at you.
You barely resist. Grinder hits you!
You writhe in agony.
Grinder hits you!
You writhe in agony.
Grinder hits you.
* * * LOW HITPOINT WARNING * * *
You writhe in agony.
* * * LOW HITPOINT WARNING * * *
You can move again.
Unknown command.
You hit Grinder.
Grinder is moderately wounded.
Your transformation is almost over.
Grinder hits you.
You die...

...........# #.# #..............
...........###.# #...(..........
......(....#...# #..............
...........#.### #..............
...........#.# ####..............
...........#.# #..(..............
...........#.# #<##..(...........
.[.........#.# #5#...............
..........##.# #Y#...............
..........##.###.................
############.........[...........
#####..>......(.......
#.#...............
#.#...............
#.#...............
#.......#....#..#.
###.###.#.#.....#.


You could see Grinder.

Vanquished Creatures
  Terence (D:3)
  2 adders
  2 worms
  4 dart slugs
  7 bats
  2 giant cockroaches
  8 goblins
  7 hobgoblins
  6 jackals
  10 kobolds
  4 quokkas
  5 frilled lizards
  A giant cockroach zombie (D:3)
  3 rats
62 creatures vanquished.

Notes
Turn   | Place    | Note
-------+----------+-------------------------------------------
     0 | D:1      | Gaball the Octopode Transmuter began the quest for the Orb.
     0 | D:1      | Reached XP level 1. HP: 13/13 MP: 3/3
    58 | D:1      | Reached XP level 2. HP: 5/18 MP: 5/5
   850 | D:1      | Reached XP level 3. HP: 22/23 MP: 6/6
  2093 | D:2      | Reached XP level 4. HP: 28/28 MP: 8/8
  2285 | D:2      | Found a glowing golden altar of the Shining One.
  2333 | D:3      | Noticed Terence
  2640 | D:3      | Killed Terence
  2947 | D:3      | Reached skill level 4 in Unarmed Combat
  3190 | D:3      | Reached XP level 5. HP: 18/33 MP: 9/9
  3547 | D:3      | Learned a level 4 spell: Ice Form
  3547 | D:3      | Noticed Grinder
  3559 | D:3      | Paralysed by Grinder for 6 turns
  3636 | D:3      | Paralysed by Grinder for 4 turns
  3641 | D:3      | Slain by Grinder

Vault maps used:
D:1:      sevenhm_arrival_forest_fort_large_3
D:2:      lemuel_coloured_pillars_altar, first_ration
D:3:      uniq_grinder, uniq_terence

Skill      XL: |  1  2  3  4 |
---------------+-------------+-----
Transmutations | 3 |  3.3
Spellcasting   | 3 |  3.1
Unarmed Combat | 4 |  4.0
Fighting       | |  1.0
Dodging        | |  2.0

Action                   |  1- 3 |  4- 6 || total
-------------------------+-------+-------++-------
Melee: Unarmed           |    94 |    52 ||   146
       Constrict         |    26 |    13 ||    39
       Tentacles         |    14 |     5 ||    19
       Kick              |    13 |    11 ||    24
       Punch             |     4 |     1 ||     5
 Cast: Beastly Appendage |    11 |     9 ||    20
       Ice Form          |       |     1 ||     1
  Use: Scroll            |       |     1 ||     1
 Stab: Sleeping          |     5 |       ||     5
  Eat: Chunk             |     4 |     5 ||     9
Armor: Skin              |     6 |     4 ||    10
Dodge: Dodged            |    51 |    41 ||    92

Table legend:
 A = Spawn XP
 B = Non-spawn XP
 C = Spawn XP percentage of total XP
 D = Spawn monster count
 E = Non-spawn monster count
 F = Spawn count percentage of total count
 G = Total turns spent on level
                    A         B        C        D         E        F      G
               +---------+---------+-------+---------+---------+-------+---------
         Total |       0 |     178 |   0.0 |       0 |      62 |   0.0 |  3641
               +---------+---------+-------+---------+---------+-------+---------
           D:1 |       0 |      52 |   0.0 |       0 |      27 |   0.0 |  1294
           D:2 |       0 |      47 |   0.0 |       0 |      18 |   0.0 |  1166
           D:3 |       0 |      79 |   0.0 |       0 |      17 |   0.0 |  1181
               +---------+---------+-------+---------+---------+-------+---------
